 Dungeon Crawl Stone Soup version 0.26-a0-958-gf3041fb45f (webtiles) character file.

Game seed: 12685220472943966103

84 Ludicrosity the Chiller (level 4, -3/32 HPs)
             Began as a Demonspawn Ice Elementalist on Dec 1, 2020.
             Slain by an orc
             ... wielding a +0 trident
              (8 damage)
             ... on level 3 of the Dungeon.
             The game lasted 00:02:55 (2828 turns).

Ludicrosity the Chiller (DsIE)                      Turns: 2828, Time: 00:02:55

Health: -3/32      AC:  2    Str:  8    XL:     4   Next: 24%
Magic:  1/7        EV: 13    Int: 17    God:
Gold:   135        SH:  0    Dex: 16    Spells: 4/8 levels left

rFire    . . .     SeeInvis .   h - +1 dagger (elec)
rCold    . . .     Faith    .   (no shield)
rNeg     . . .     Spirit   .   a - +0 robe
rPois    .         Reflect  .   (no helmet)
rElec    .         Harm     .   (no cloak)
rCorr    .         Rampage  .   (no gloves)
MR       .....                  (no boots)
Stlth    +++.......             (no amulet)
HPRegen  0.10/turn              (no ring)
MPRegen  0.10/turn              (no ring)

@: frozen ramparts, very slightly contaminated
A: hooves 2, thin skeletal structure 1
a: no special abilities


You were on level 3 of the Dungeon.
You visited 1 branch of the dungeon, and saw 3 of its levels.

You collected 135 gold pieces.

Inventory:

Hand Weapons
 h - a +1 dagger of electrocution (weapon)
Armour
 a - a +0 robe (worn)
Scrolls
 b - a scroll of identify {unknown}
 c - a scroll of fog {unknown}
 d - a scroll of fear {unknown}
 g - a scroll of immolation {unknown}
 i - a scroll of amnesia {unknown}
Potions
 e - a potion of attraction {unknown}
 f - a potion of curing {unknown}


   Skills:
 + Level 1.5 Fighting
 + Level 2.4 Dodging
 + Level 2.5 Stealth
 + Level 2.5 Spellcasting
 + Level 4.0 Ice Magic


You had 4 spell levels left.
You knew the following spells:

 Your Spells              Type           Power        Failure   Level
a - Freeze                Ice            ###.         3%          1
b - Frozen Ramparts       Ice            ###...       11%         3

Your spell library contained the following spells:

 Spells                   Type           Power        Failure   Level
 Ozocubu's Armour         Ice            ###.....     11%         3
 Hailstorm                Conj/Ice       #.......     63%         4
 Summon Ice Beast         Ice/Summ       #.......     63%         4


Dungeon Overview and Level Annotations

Branches:
Dungeon (3/15)

Altars:


Innate Abilities, Weirdness & Mutations

You have hoof-like feet.
You have a somewhat thin skeletal structure. (Dex +2, Stealth)


Message History

Nothing appears to happen.
The orc shouts!
You hear a shout!
You hear an angry hiss.
An orc comes into view.
The orc hits you with a +0 club. The orc hits you with a +0 club.
* * * LOW HITPOINT WARNING * * *
The orc misses you.
Casting: Frozen Ramparts (quite dangerous; 11% risk of failure)
Confirm with . or Enter, or press ? or * to list all spells.
The spell is quite dangerous to cast (11% risk of failure)!
Continue anyway?
Casting: Frozen Ramparts (quite dangerous; 11% risk of failure)
Press: ? - help, Dir - look around The walls around you are covered in ice.
The orc shouts!
The wall freezes the orc.
The orc hits you but does no damage.
The orc priest hits you with a +0 hand axe!
* * * LOW HITPOINT WARNING * * *
The wall freezes the orc.
The orc hits you from afar with a +0 trident!
You die...

.# #... ....# ##...##
##.....## ###
##.......## ##.##
#.........####...##.###
+.........'...@o.......
#.........####.o.##.###
#.......## ##o.....
##.....## ##.....#
##...## ..o..# ##'##
..o..# #.# .....# #.#
##.### ##.##


You could see an orc priest and 4 orcs.

Vanquished Creatures
  Jessica (D:2)
  3 adders (D:2)
  A worm (D:2)
  A dart slug (D:1)
  3 bats
  5 goblins (D:1)
  3 hobgoblins (D:1)
  6 kobolds
  A ball python (D:2)
  4 frilled lizards
  A rat (D:1)
29 creatures vanquished.

Notes
Turn   | Place    | Note
-------+----------+-------------------------------------------
     0 | D:1      | Ludicrosity the Demonspawn Ice Elementalist began the quest
                  | for the Orb.
     0 | D:1      | Reached XP level 1. HP: 13/13 MP: 3/3
   516 | D:1      | Gained mutation: You have a somewhat thin skeletal
                  | structure. (Dex +2, Stealth) [demonic ancestry]
   516 | D:1      | Reached XP level 2. HP: 20/20 MP: 0/5
  1501 | D:2      | Reached skill level 1 in Fighting
  1643 | D:2      | Gained mutation: You have large cloven feet. [demonic
                  | ancestry]
  1643 | D:2      | Reached XP level 3. HP: 26/26 MP: 6/6
  1647 | D:2      | Learned a level 3 spell: Frozen Ramparts
  1671 | D:2      | Noticed Jessica
  1683 | D:2      | Killed Jessica
  2180 | D:2      | Gained mutation: You have hoof-like feet. [demonic
                  | ancestry]
  2180 | D:2      | Reached XP level 4. HP: 17/32 MP: 3/7
  2462 | D:2      | Reached skill level 4 in Ice Magic
  2828 | D:3      | Slain by an orc

Illustrated notes

Levels and vault maps discovered:
D:1:      dpeg_arrival_boxorama, layout_loops_cross
D:2:      layout_basic, uniq_jessica
D:3:      layout_loops_corners, guppyfry_early_lair_pool, uniq_ijyb

Skill      XL: |  1  2  3  4 |
---------------+-------------+-----
Stealth        | 2 |  2.5
Dodging        | 2 |  2.4
Fighting       | 1 |  1.5
Ice Magic      | 4 |  4.0
Spellcasting   | |  2.5

Action                   |  1- 3 |  4- 6 || total
-------------------------+-------+-------++-------
Melee: Unarmed           |    16 |       ||    16
       Dagger            |    13 |     2 ||    15
       Short sword       |     2 |       ||     2
       Kick              |     1 |       ||     1
 Cast: Freeze            |    39 |       ||    39
       Frozen Ramparts   |     2 |     1 ||     3
 Stab: Sleeping          |     1 |     1 ||     2
Armor: Robe              |    10 |       ||    10
Dodge: Dodged            |    29 |     2 ||    31

Table legend: (Time is in decaauts)
 A = Elapsed time spent in this place.
 B = Non-inter-level travel time spent in this place.
 C = Inter-level travel time spent in this place.
 D = Time resting spent in this place.
 E = Time spent auto-exploring this place.
 F = Levels seen in this place.
 G = Mean time per level.
                   A        B        C        D        E       F      G
               +--------+--------+--------+--------+--------+-----+--------+
         Total |   2826 |   2753 |     73 |      0 |   2504 |   3 |  942.0 |
       Dungeon |   2826 |   2753 |     73 |      0 |   2504 |   3 |  942.0 |
               +--------+--------+--------+--------+--------+-----+--------+

Top non-repeatable levels by time:
     D:2: 1522 daAuts
     D:1: 1266 daAuts
     D:3: 37 daAuts
